AoeStats
← Perojp2386

Arena

509725749Analyzed
1v1 RM · 3d ago on Sep 27, 2026· 37m 22s· 2 players
Game mode
Random Map
Map size
Tiny (2 player)
Population
200
Speed
Normal
Resources
Standard
Victory
Conquest
Starting age
Dark Age
Ending age
Imperial Age
RankedLock teamsTeams togetherTeam positionsShared explorationLock speedFull tech treeHidden civsTurbo modeCheats
Victory
Defeat
🇧🇷 Burgundians · Brazil
1132
+15
🇦🇷 Ethiopians · Argentina
1110
-15
Croqueta
10:34 Feudal Age
14:31 Castle Age
13:27 Double-Bit Axe
15:30 Horse Collar
17:17 Loom
19:24 Crossbowman
21:44 Padded Archer Armor
21:37 Fletching
24:18 Thumb Ring
25:35 Gold Mining
30:34 Imperial Age
28:24 Padded Archer Armor
29:22 Leather Archer Armor
29:58 Bodkin Arrow
31:28 Ballistics
32:24 Chemistry
31:18 Arbalester
33:15 Ballistics
33:01 Bracer
36:27 Gold Shaft Mining
Perojp2386
10:36 Feudal Age
14:28 Castle Age
12:38 Double-Bit Axe
13:29 Bow Saw
13:13 Horse Collar
14:20 Heavy Plow
18:45 Stone Mining
22:32 Fletching
29:08 Imperial Age
26:54 Gold Mining
27:59 Padded Archer Armor
28:19 Burgundian Vineyards
28:02 Loom
29:16 Wheelbarrow
29:02 Leather Archer Armor
28:54 Scale Barding Armor
28:59 Forging
30:52 Chemistry
29:54 Elite Coustillier
32:09 Chain Barding Armor
35:34 Plate Barding Armor
35:35 Iron Casting
Connection lost

Rejoining the realm…

Still unreachable

The connection could not be restored.

Session expired

The server has moved on; the page needs a fresh start.